 Dungeon Crawl Stone Soup version 0.20-a0-502-g555d78b (webtiles) character file.

60 Amnesiac the Sneak (level 3, -1/16 HPs)
             Began as a Spriggan Enchanter on Jan 21, 2017.
             Slain by an orc
             ... wielding a +0 hand axe
              (8 damage)
             ... on level 4 of the Dungeon.
             The game lasted 00:04:03 (1361 turns).

Amnesiac the Sneak (Spriggan Enchanter)             Turns: 1361, Time: 00:04:04

Health: -1/16      AC:  2    Str:  4    XL:     3   Next: 80%
Magic:  3/9        EV: 19    Int: 17    God:
Gold:   56         SH:  0    Dex: 16    Spells: 3/9 levels left

rFire    . . .     SeeInvis +   h - +0 dagger (venom)
rCold    . . .     Gourm    .   b - +0 robe
rNeg     . . .     Faith    .   (shield restricted)
rPois    .         Spirit   .   (helmet restricted)
rElec    .         Reflect  .   (no cloak)
rCorr    .         Harm     .   (gloves unavailable)
MR       .....                  (boots unavailable)
Stlth    +++.......             (no amulet)
Regen    0.1/turn               (no ring)
                                (no ring)

@: very slightly contaminated, very quick
A: unfitting armour, see invisible, herbivore 3, speed 3, slow metabolism 2
a: no special abilities


You were on level 4 of the Dungeon.
You were not hungry.

You visited 1 branch of the dungeon, and saw 4 of its levels.

You collected 56 gold pieces.

Inventory:

Hand Weapons
 h - a +0 dagger of venom (weapon)
 j - a +2 dagger of freezing
Armour
 b - a +0 robe (worn)
Jewellery
 i - an uncursed ring of fire
Scrolls
 a - a scroll of remove curse {unknown}
 e - 2 scrolls of enchant weapon {unknown}
 f - a scroll of fog {unknown}
Potions
 g - a potion of curing {unknown}
Books
 c - a book of Maledictions

   Spells                             Type                      Level
   a - Corona                         Hexes                        1
   b - Ensorcelled Hibernation        Hexes/Ice                    2
   c - Confuse                        Hexes                        3
   d - Tukima's Dance                 Hexes                        3
   e - Dazzling Spray                 Conjuration/Hexes            3
Comestibles
 d - a bread ration


   Skills:
 + Level 1.9 Short Blades
 + Level 3.6 Dodging
 + Level 4.9 Stealth
 * Level 3.5 Spellcasting
 * Level 4.2 Hexes


You had 3 spell levels left.
You knew the following spells:

 Your Spells              Type           Power        Failure   Level  Hunger
e - Confuse               Hex            ###.....     10%         3    ###....
f - Corona                Hex            ###....      2%          1    None
z - Ensorcelled Hibernat  Hex/Ice        ##....       12%         2    ##.....


Dungeon Overview and Level Annotations

Branches:
Dungeon (4/15)
 Temple: D:4-7

Altars:
Ashenzari
Fedhas
Trog
The Shining One


Innate Abilities, Weirdness & Mutations

You are very small and have problems with some larger weapons.
You are too small for most types of armour.
You have supernaturally acute eyesight. (SInv)
You are a herbivore.
You cover ground extremely quickly.
You need consume almost no food.


Message History

Confirm with . or Enter, or press ? or * to list all spells.
Aiming: Ensorcelled Hibernation
Press: ? - help, Shift-Dir - straight line, f - quokka, p - orc
Aim: a quokka (chance to defeat MR: 59%)
The quokka looks drowsy...
The helpless quokka fails to defend itself.
You impale the quokka!!
You kill the quokka!
The orc shouts!
The ball python misses you. The ball python barely misses you.
There is an escape hatch in the ceiling here.
You hit the ball python.
The ball python is poisoned.
The ball python is moderately wounded.
The ball python misses you. x2
You hit the ball python.
You kill the ball python!
You hit the orc but do no damage.
The orc is poisoned.
The orc hits you with a hand axe!
Ouch! That really hurt!
You die...

####### #.<...# #.....#
####### #.....### #.....#
#.......#####.....#
#.....#...o.......####
#....@o...ZZZ...Z..Z.Z
#######..[........#....Z†o(.
#...........#######.....####
#...........# #.....# #
#..........## ####..#
#..........# ##...
#..........# ###..
#..........# ## #######.####


You could see 2 orcs, a goblin zombie and 2 kobold skeletons.

Vanquished Creatures
  3 gnolls (D:2)
  A worm (D:2)
  2 leopard geckos (D:2)
  An orc (D:4)
  2 bats (D:2)
  A giant cockroach (D:2)
  2 goblins (D:2)
  4 hobgoblins
  A quokka (D:4)
  3 ball pythons
  A frilled lizard (D:4)
  2 kobolds (D:2)
  3 rats (D:2)
26 creatures vanquished.

Notes
Turn   | Place    | Note
-------+----------+-------------------------------------------
     0 | D:1      | Amnesiac the Spriggan Enchanter began the quest for the Orb.
     0 | D:1      | Reached XP level 1. HP: 9/9 MP: 5/5
    18 | D:2      | Found a blossoming altar of Fedhas.
    34 | D:2      | Found a shattered altar of Ashenzari.
   131 | D:2      | Reached XP level 2. HP: 9/13 MP: 3/6
   136 | D:2      | Learned a level 2 spell: Ensorcelled Hibernation
   356 | D:2      | Reached XP level 3. HP: 12/16 MP: 1/8
   363 | D:1      | Learned a level 3 spell: Confuse
  1003 | D:2      | Found a bloodstained altar of Trog.
  1294 | D:4      | Found a glowing golden altar of the Shining One.
  1361 | D:4      | Slain by an orc

Vault maps used:
D:1:      dpeg_arrival_fog, minmay_bisected
D:2:      minmay_diamond_boxcup, fedhas_altar_2, xom_redecorated,
          overflow_temple_1_default, nicolae_overflow_crystal_walls
D:3:      first_bread, dk_noncrumbling_4
D:4:      nicolae_tso_besieged_by_evil, lemuel_doored_altar

Skill      XL: |  1  2  3 |
---------------+----------+-----
Spellcasting   | 3 |  3.5
Hexes          | 4 |  4.2
Short Blades   | |  1.9
Dodging        | |  3.6
Stealth        | |  4.9

Action                   || total
-------------------------++-------
Melee: Dagger            ||    43
       Falchion          ||     1
 Cast: Corona            ||     2
       Ensorcelled Hiber ||    17
 Stab: Sleeping          ||    17
Armor: Robe              ||     1
Dodge: Dodged            ||    43
       Rpst.: Falchion   ||     1
